Map: Whispers of Gold

Players

gumiho - Winner!

  • Race: Terran Terran
  • Spawn Location: 5:00

Fjant

  • Race: Zerg Zerg
  • League: Master
  • Spawn Location: 9:00

Event: HomeStory Cup XXVI

VOD

Have the link to the VOD?

Description

Time

  • Played on: Nov. 29, 2024, 7:10 a.m.
  • Length: 9:13

All games in this series

Show
View Real Time Build Order
Export as new Build Order

gumiho Terran - Winner!

Build Orders: Gas First Reaper Expand, Hellion Banshee 

Get SALT Encoding   

  12  0:00  SCV  
  13  0:12  SCV  
  14  0:18  Supply Depot  
  14  0:24  SCV  
  15  0:29  Refinery  
  15  0:39  SCV  
  16  0:45  Barracks  
  16  0:51  SCV  
  17  1:03  SCV  
  18  1:16  SCV  
  19  1:32  Orbital Command, Reaper  
  20  1:45  Command Center  
  20  1:58  Factory  
  20  1:59  SCV  
  21  2:06  Barracks Reactor  
  21  2:10  Supply Depot  
  21  2:13  SCV  
  22  2:17  Refinery  
  22  2:25  SCV  
  23  2:37  SCV  
  24  2:51  Reaper, Hellion x2  
  28  2:53  SCV  
  28  2:57  Orbital Command  
  30  3:02  Armory  
  30  3:06  SCV  
  30  3:12  Hellion  
  33  3:14  Hellion  
  35  3:22  Starport  
  35  3:25  Barracks Tech Lab  
  35  3:28  SCV  
  35  3:31  SCV  
  37  3:38  Hellion  
  37  3:39  Hellion  
  41  3:44  Supply Depot  
  41  3:46  SCV x2  
  43  4:01  SCV, Hellion  
  46  4:06  SCV, Hellion  
  49  4:12  Supply Depot  
  49  4:13  SCV  
  49  4:16  Barracks Tech Lab  
  50  4:18  SCV  
  51  4:25  SCV  
  51  4:30  SCV  
  51  4:36  Hellion  
  51  4:37  SCV  
  51  4:42  SCV  
  52  4:48  Cloaking Field, Banshee  
  52  4:50  SCV  
  52  4:52  Command Center  
  52  4:54  SCV  
  49  5:00  Hellion  
  49  5:01  Hellion  
  49  5:02  SCV  
  49  5:06  SCV  
  50  5:09  Stimpack  
  50  5:14  SCV  
  51  5:17  Supply Depot  
  51  5:19  SCV  
  50  5:23  Barracks  
  50  5:26  SCV  
  50  5:28  Barracks  
  51  5:30  Engineering Bay, Banshee  
  51  5:31  SCV  
  51  5:33  Factory Reactor  
  51  5:35  Engineering Bay  
  55  5:38  SCV  
  56  5:43  SCV, Barracks  
  56  5:44  Marine  
  56  5:45  Barracks  
  58  5:50  SCV  
  58  5:52  Refinery  
  58  5:54  Refinery  
  58  5:55  SCV  
  60  5:59  Terran Infantry Weapons Level 1  
  60  6:01  Marine, Terran Infantry Armor Level 1  
  61  6:05  SCV  
  61  6:08  Supply Depot  
  62  6:12  Marine x2  
  62  6:13  Supply Depot  
  64  6:19  Marine  
  64  6:20  SCV x2  
  64  6:22  Marine x2  
  64  6:23  Siege Tank  
  72  6:29  Starport Reactor  
  72  6:30  Supply Depot x2  
  72  6:32  Supply Depot  
  74  6:33  Orbital Command  
  74  6:34  SCV x2  
  74  6:37  Marine x2  
  74  6:39  Barracks Reactor  
  76  6:46  SCV  
  77  6:48  Combat Shield  
  77  6:53  Marine x2  
  79  6:55  Marine  
  79  6:56  Marine, Hellion  
  79  6:58  Barracks Reactor  
  83  7:06  Marine  
  84  7:10  Medivac x2  
  84  7:11  SCV x3, Marine x2  
  84  7:13  Marine  
  94  7:18  Supply Depot  
  94  7:19  Supply Depot  
  94  7:20  Supply Depot, Marine x2  
  94  7:22  Marine  
  97  7:23  SCV x2  
  97  7:24  Marine  
  97  7:25  Siege Tank  
  97  7:29  Marine  
  104  7:31  SCV  
  104  7:35  SCV x2, Refinery  
  107  7:40  Medivac x2  
  107  7:43  SCV  
  112  7:44  Marine x2  
  112  7:45  Marine x2  
  112  7:50  Marine  
  117  7:52  SCV x2  
  117  7:55  SCV  
  120  7:59  Marine x4  
  120  8:01  Siege Tank  
  120  8:03  Marine x2  
  120  8:05  SCV x2  
  131  8:07  SCV  
  131  8:08  Supply Depot  
  131  8:09  Supply Depot  
  131  8:11  Marine x3, Medivac  
  131  8:12  Medivac  
  139  8:16  Supply Depot, Marine  
  139  8:17  Marine x2  
  139  8:19  Marine  
  143  8:21  Marine  
  143  8:23  Factory  
  143  8:25  Marine  
  145  8:29  Marine x3  
  145  8:34  Supply Depot, Marine x2  
  148  8:39  Command Center  
  150  8:44  Marine  
  150  8:45  Marauder  
  150  8:46  Marine  
  150  8:47  Marine  
  150  9:11  Factory Tech Lab  
Show
View Real Time Build Order
Export as new Build Order

Fjant Zerg 

Build Orders: Hatch First 

Get SALT Encoding   

  12  0:00  Drone  
  13  0:09  Drone  
  13  0:13  Extractor  
  13  0:16  Drone  
  15  0:23  Overlord  
  15  0:41  Drone  
  16  0:49  Hatchery  
  15  0:51  Drone  
  15  0:55  Drone  
  17  0:58  Drone  
  18  1:08  Extractor  
  17  1:15  Spawning Pool  
  17  1:17  Drone  
  17  1:21  Drone  
  18  1:27  Drone  
  19  1:37  Drone  
  20  1:53  Drone  
  21  2:01  Queen  
  21  2:02  Zergling x2, Queen  
  21  2:03  Zergling x2  
  27  2:10  Overlord  
  27  2:15  Drone  
  28  2:27  Hatchery  
  27  2:30  Drone  
  27  2:33  Drone  
  29  2:38  Drone  
  29  2:41  Drone  
  29  2:43  Metabolic Boost  
  31  2:47  Drone  
  32  2:54  Overlord  
  32  2:55  Drone x2  
  34  3:04  Drone  
  35  3:09  Drone  
  35  3:11  Queen  
  38  3:14  Zergling x2  
  38  3:15  Drone x2  
  38  3:16  Drone  
  38  3:17  Drone  
  43  3:32  Drone  
  44  3:39  Queen x2  
  44  3:40  Drone  
  44  3:41  Drone  
  50  3:43  Roach Warren  
  49  3:58  Zergling x2  
  49  3:59  Queen  
  50  4:04  Overlord  
  50  4:08  Overlord  
  50  4:09  Zergling x4  
  50  4:14  Zergling x2  
  50  4:15  Zergling x6  
  50  4:21  Queen  
  49  4:26  Zergling x6  
  49  4:34  Zergling x4  
  49  4:36  Zergling x2  
  44  4:40  Zergling x2  
  42  4:46  Zergling x2  
  42  4:47  Zergling x2  
  42  4:49  Drone  
  40  5:00  Zergling x2  
  40  5:01  Zergling x6  
  40  5:04  Drone x2  
  46  5:07  Spore Crawler  
  46  5:09  Zergling x2  
  46  5:11  Drone  
  47  5:14  Drone x2  
  47  5:18  Drone x2  
  47  5:19  Drone  
  52  5:22  Spore Crawler  
  52  5:26  Drone x2  
  52  5:27  Drone  
  54  5:29  Drone  
  54  5:30  Drone  
  54  5:35  Drone x3  
  58  5:37  Drone  
  58  5:41  Spore Crawler, Drone  
  60  5:44  Drone  
  60  5:48  Queen  
  63  5:51  Overlord  
  63  5:53  Drone  
  63  5:56  Overlord  
  64  5:58  Drone x2  
  66  6:08  Overlord x2  
  66  6:10  Lair  
  66  6:12  Extractor  
  66  6:13  Extractor  
  66  6:15  Drone x3  
  66  6:16  Drone x2  
  66  6:17  Drone  
  71  6:18  Drone  
  71  6:19  Drone  
  74  6:29  Drone x2  
  76  6:35  Drone  
  76  6:36  Drone  
  76  6:37  Drone x2  
  80  6:40  Drone x2  
  80  6:53  Spore Crawler  
  77  6:54  Spore Crawler  
  77  6:57  Overlord  
  77  6:59  Drone x2  
  72  7:13  Glial Reconstitution, Roach x12  
  72  7:14  Queen  
  72  7:15  Queen  
  96  7:21  Roach x2  
  101  7:24  Roach  
  99  7:33  Roach x2  
  101  7:38  Queen  
  101  7:40  Drone  
  101  7:43  Roach x2  
  100  7:48  Roach  
  100  7:55  Overlord x2  
  100  7:56  Overlord  
  98  8:04  Overlord x2  
  98  8:07  Overlord  
  98  8:14  Evolution Chamber  
  98  8:15  Evolution Chamber  
  98  8:19  Drone x3  
  99  8:20  Extractor x2  
  99  8:21  Ravager x3  
  99  8:23  Drone x3  
  99  8:26  Ravager  
  104  8:28  Hatchery  
  104  8:30  Drone, Extractor  
  104  8:32  Drone x2  
  104  8:33  Drone  
  106  8:36  Roach x3  
  112  8:45  Roach x2  
  96  8:49  Overlord  
  96  8:50  Roach x3  
  97  9:05  Hatchery  
Tags
 
Add a new tag
Caveats
  • Supply blocks, unpowered buildings, or Contaminate may cause inaccurate times.
  • Supply counts are checked every 10 seconds.